 Dungeon Crawl Stone Soup version 0.20.0-15-g7f486f2 (webtiles) character file.

105 grindst0ne the Shooter (level 4, -2/39 HPs)
             Began as a Centaur Hunter on June 11, 2017.
             Slain by a gnoll
             ... wielding a +0 halberd
              (13 damage)
             ... on level 3 of the Dungeon.
             The game lasted 00:04:10 (2234 turns).

grindst0ne the Shooter (Centaur Hunter)             Turns: 2234, Time: 00:04:10

Health: -2/39      AC:  5    Str: 14    XL:     4   Next: 54%
Magic:  4/4        EV:  9    Int: 14    God:
Gold:   117        SH:  0    Dex: 11    Spells: 3/3 levels left

rFire    . . .     SeeInvis .   b - +0 short sword
rCold    . . .     Gourm    .   (no shield)
rNeg     . . .     Faith    .   c - +0 leather armour
rPois    +         Spirit   .   u - +0 helmet
rElec    .         Reflect  .   (no cloak)
rCorr    .         Harm     .   (no gloves)
MR       .....                  (no barding)
Stlth    +.........             (no amulet)
Regen    0.2/turn               h - +4 ring of intelligence
MPRegen  0.1/turn               m - ring of poison resistance

@: very quick
A: hooves 3, deformed body, speed 2, tough skin 3
a: no special abilities


You were on level 3 of the Dungeon.
You were hungry.

You visited 1 branch of the dungeon, and saw 3 of its levels.

You collected 117 gold pieces.

Inventory:

Hand Weapons
 a - a +1 shortbow
 b - a +0 short sword (weapon)
Armour
 c - a +0 leather armour (worn)
 p - a +0 scale mail
 q - a +0 chain mail
 u - a +0 helmet (worn)
 v - a +0 scale mail of positive energy
Jewellery
 h - a +4 ring of intelligence (left hand)
 m - a ring of poison resistance (right hand)
Scrolls
 k - 5 scrolls of teleportation {unknown}
 n - 2 scrolls of remove curse {unknown}
 t - 3 scrolls of identify {unknown}
 x - a scroll of magic mapping {unknown}
Potions
 g - a potion of agility {unknown}
 i - a potion of curing {unknown}
 j - a potion of lignification {unknown}
 r - a potion of haste {unknown}
 s - 2 potions of degeneration {unknown}
Comestibles
 f - 2 bread rations
 l - a royal jelly
 o - a meat ration


   Skills:
 + Level 3.6 Fighting
 + Level 6.8 Bows
 - Level 1.3 Dodging
 - Level 0.4 Stealth


You had 3 spell levels left.
You didn't know any spells.

Dungeon Overview and Level Annotations

Branches:
Dungeon (3/15)

Altars:


Innate Abilities, Weirdness & Mutations

You have hooves in place of feet.
Armour fits poorly on your strangely shaped body.
You cover ground very quickly.
You have extremely tough skin. (AC +3)


Message History

Where to? (Enter - D:2, ? - help)
You climb downwards.
The gnoll is too close now for your liking.
There is a stone staircase leading up here.
You can't go down here!
b - a +0 short sword (weapon)
The gnoll hits you with a halberd.
You barely miss the gnoll. You hit the gnoll but do no damage.
The gnoll hits you with a halberd!
You hit the gnoll. You kick the gnoll.
The gnoll is heavily wounded.
The gnoll hits you with a halberd.
The gnoll hits you from afar with a halberd!
* * * LOW HITPOINT WARNING * * *
There is a stone staircase leading up here.
(D) Dungeon
Where to? (Enter - D:3, ? - help)
A gnoll is nearby!
The gnoll hits you from afar with a halberd!
You die...

###.........#.......#
..............##....#
....................#
....................#
....................#
.................######
...............>......#
#.....................########
#.............g.@............#
############################.#
#.# #.# ♣♣♣♣♣♣♣♣♣♣♣ #.#
♣♣......♣♣.♣♣ #.#
♣...♣♣♣...♣.♣♣♣♣♣♣♣ #.#
♣♣♣...♣ ♣♣♣♣♣♣......♣♣ #.#
♣....♣♣ ♣♣♣♣♣♣♣.♣### #.#


You could see a gnoll.

Vanquished Creatures
  A centaur zombie (D:3)
  2 gnolls
  An ooze (D:1)
  A worm (D:2)
  2 dart slugs
  A leopard gecko (D:1)
  8 bats
  5 giant cockroaches
  6 goblins
  4 hobgoblins (D:1)
  A frilled lizard (D:2)
  7 kobolds
  2 rats (D:1)
41 creatures vanquished.

Notes
Turn   | Place    | Note
-------+----------+-------------------------------------------
     0 | D:1      | grindst0ne the Centaur Hunter began the quest for the Orb.
     0 | D:1      | Reached XP level 1. HP: 17/17 MP: 1/1
   307 | D:1      | Reached XP level 2. HP: 25/25 MP: 2/2
   534 | D:1      | Reached XP level 3. HP: 28/30 MP: 3/3
   635 | D:1      | Reached skill level 6 in Bows
  1595 | D:3      | Reached XP level 4. HP: 32/38 MP: 4/4
  2234 | D:3      | Slain by a gnoll

Skill      XL: |  1  2  3 |
---------------+----------+-----
Bows           | 6 |  6.8
Fighting       | 3 |  3.6
Dodging        | |  1.3
Stealth        | |  0.4

Action                   |  1- 3 |  4- 6 || total
-------------------------+-------+-------++-------
Melee: Short sword       |    31 |    17 ||    48
       Kick              |    11 |     3 ||    14
 Fire: Shortbow          |    92 |    15 ||   107
Throw: Throwing net      |     3 |     1 ||     4
  Eat: Chunk             |     1 |     1 ||     2
Armor: Leather armour    |    25 |     7 ||    32
Dodge: Dodged            |    30 |     9 ||    39
